 Dungeon Crawl Stone Soup version 0.23-a0-451-g1044d4c (webtiles) character file.

147 RoseArtemis the Ruffian (level 5, 0/53 HPs)
             Began as a Troll Monk on Nov 23, 2018.
             Succumbed to a worker ant's poison
             ... on level 3 of the Dungeon.
             The game lasted 00:04:57 (2725 turns).

RoseArtemis the Ruffian (Troll Monk)                Turns: 2725, Time: 00:04:58

Health: 0/53       AC:  6    Str: 19    XL:     5   Next: 8%
Magic:  4/4        EV: 26    Int:  6    God:
Gold:   121        SH:  0    Dex: 13    Spells: 4/4 levels left

rFire    . . .     SeeInvis .     - Unarmed
rCold    + . .     Gourm    +   (no shield)
rNeg     + . .     Faith    .   a - +1 robe
rPois    .         Spirit   .   (helmet restricted)
rElec    .         Reflect  .   (no cloak)
rCorr    .         Harm     .   (gloves unavailable)
MR       .....                  (boots unavailable)
Stlth    ++........             d - amulet of the acrobat
HPRegen  0.57/turn              k - ring of positive energy
MPRegen  0.09/turn              p - ring of protection from cold

@: lethally poisoned (0 -> -15), about to teleport
A: large, unfitting armour, claws 3, fast metabolism 3, gourmand, regeneration
1, shaggy fur 1, tough skin 2
a: no special abilities


You were on level 3 of the Dungeon.
You were very full.

You visited 1 branch of the dungeon, and saw 4 of its levels.

You collected 121 gold pieces.

Inventory:

Armour
 a - a +1 robe (worn)
Jewellery
 d - an amulet of the acrobat (around neck)
 k - a ring of positive energy (left claw)
 p - a ring of protection from cold (right claw)
Wands
 f - a wand of acid (8)
Scrolls
 e - 4 scrolls of remove curse
 h - a scroll of teleportation
 n - a scroll of enchant weapon {unknown}
Potions
 c - a potion of resistance {unknown}
 g - 2 potions of mutation
 i - a potion of magic {unknown}
 l - 2 potions of curing
 m - a potion of might {unknown}
Comestibles
 b - 5 rations
 j - 9 chunks of flesh


   Skills:
 + Level 3.0 Fighting
 + Level 1.7 Throwing
 + Level 3.0 Dodging
 - Level 1.0 Stealth
 * Level 4.3 Unarmed Combat


You had 4 spell levels left.
You didn't know any spells.
Your spell library contained the following spells:

 Spells                   Type           Power        Failure   Level  Hunger
 Confusing Touch          Hex            #.....       45%         1    ##.....
 Confuse                  Hex            #.......     83%         3    ####...
 Gell's Gravitas          Tloc           #.........   83%         3    ####...
 Petrify                  Tmut/Erth      #.......     99%         4    #####..
 Metabolic Englaciation   Hex/Ice        #.........   100%        5    ######.
 Yara's Violent Unravell  Hex/Tmut       #.........   100%        5    ######.


Dungeon Overview and Level Annotations

Branches:
Dungeon (4/15)
 Temple: D:4-7

Altars:
Fedhas

Annotations:
D:2 exclusion: oklob plant


Innate Abilities, Weirdness & Mutations

You are too large for most types of armour.
You have claws for hands.
Your metabolism is lightning-fast.
You like to eat raw meat.
Your natural rate of healing is unusually fast.
You are covered in fur. (AC +1)
You have very tough skin. (AC +2)


Message History

* * * LOW HITPOINT WARNING * * *
You feel very sick.
There is an escape hatch in the ceiling here.
* * * LOW HITPOINT WARNING * * *
You feel very sick. The worker ant bites you.
* * * LOW HITPOINT WARNING * * *
The scorpion stings you but does no damage.
A mysterious force pulls you upwards. The hatch slams shut behind you.
* * * LOW HITPOINT WARNING * * *
You feel very sick.
As you read the scroll of teleportation, it crumbles to dust.
You feel strangely unstable.
* * * LOW HITPOINT WARNING * * *
You feel very sick. The worker ant barely misses you.
The scorpion stings you but does no damage.
The worker ant bites you.
* * * LOW HITPOINT WARNING * * *
You die...

#.......# #..............#..
#.....(.#####....##..)####....
#.......(........##...####....
#........(.......##...........
#...........(....##...........
#............(...##...........
#................##...........
#................##...........
#############@...##...........
############....##........#..
###.....##...a.s...............
###.....#.##....<...........##...
........#.#..........(...........
#.#.....#.#...###...........#....
#.#.........................#....
#.#.....###...##........#####....
#.#.....# #...##.................


You could see a scorpion and a worker ant.

Vanquished Creatures
  Robin (D:4)
  2 adders (D:2)
  2 worms (D:2)
  5 dart slugs
  3 leopard geckos
  An orc (D:2)
  5 bats
  3 giant cockroaches
  19 goblins
  14 hobgoblins
  7 jackals
  3 kobolds
  5 quokkas
  5 ball pythons
  A frilled lizard (D:1)
  A quokka skeleton (D:4)
  8 rats
85 creatures vanquished.

Vanquished Creatures (others)
  16 toadstools (D:2)
16 creatures vanquished.

Grand Total: 101 creatures vanquished

Notes
Turn   | Place    | Note
-------+----------+-------------------------------------------
     0 | D:1      | RoseArtemis the Troll Monk began the quest for the Orb.
     0 | D:1      | Reached XP level 1. HP: 22/22 MP: 0/0
    45 | D:1      | Reached XP level 2. HP: 23/29 MP: 1/1
   381 | D:1      | Reached XP level 3. HP: 36/36 MP: 2/2
   448 | D:1      | You fall through a shaft!
   522 | D:2      | Reached skill level 1 in Throwing
   871 | D:2      | Reached XP level 4. HP: 44/44 MP: 3/3
  1392 | D:2      | Found a blossoming altar of Fedhas.
  1411 | D:2      | Noticed an oklob plant
  1737 | D:3      | Reached skill level 4 in Unarmed Combat
  2357 | D:4      | Noticed Robin
  2617 | D:4      | Killed Robin
  2617 | D:4      | Reached XP level 5. HP: 53/53 MP: 4/4
  2724 | D:3      | HP: 2/53 [worker ant (1)]
  2725 | D:3      | Succumbed to a worker ant's poison

Vault maps used:
D:1:      nzn_arrival_crosshair, st_stairs_6
D:2:      first_ration, tgw_fedhas
D:3:      minmay_misc_feat_encased
D:4:      enter_ossuary_2, uniq_robin, uniq_eustachio

Skill      XL: |  1  2  3  4 |
---------------+-------------+-----
Throwing       | 1 |  1.7
Unarmed Combat | 4 |  4.3
Dodging        | 3 |  3.0
Fighting       | 3 |  3.0
Stealth        | |  1.0

Action                   |  1- 3 |  4- 6 || total
-------------------------+-------+-------++-------
Melee: Unarmed           |    88 |   137 ||   225
       Punch             |     1 |     2 ||     3
  Use: Scroll            |       |     9 ||     9
 Stab: Sleeping          |     2 |     1 ||     3
  Eat: Chunk             |    14 |    16 ||    30
Armor: Robe              |    58 |    68 ||   126
Dodge: Dodged            |    61 |   126 ||   187

Table legend:
 A = Non-vault XP
 B = Vault XP
 C = Vault XP percentage of total XP
 D = Non-vault monster count
 E = Vault monster count
 F = Vault count percentage of total count
                 A         B        C        D         E       F
            +---------+---------+-------+---------+---------+-------
      Total |     170 |      41 |  19.4 |      71 |      14 |  16.5
            +---------+---------+-------+---------+---------+-------
        D:1 |      36 |       6 |  14.3 |      18 |       2 |  10.0
        D:2 |      70 |       0 |   0.0 |      21 |       0 |   0.0
        D:3 |      52 |       2 |   3.7 |      26 |       1 |   3.7
        D:4 |      12 |      33 |  73.3 |       6 |      11 |  64.7
            +---------+---------+-------+---------+---------+-------
